 Seeded DCSS version 0.29.1-15-g9cfb28693d (webtiles) character file.

Game seed: 9395946233296503237 (custom seed)

1583 GigaChad the Cleaver (level 8, -1/72 (73) HPs)
             Began as a Minotaur Gladiator on Mar 14, 2023.
             Was an Initiate of Okawaru.
             Slain by a gnoll sergeant
             ... wielding a +3 vorpal trident
              (10 damage)
             ... on level 7 of the Dungeon on Mar 15, 2023.
             The game lasted 00:07:36 (6612 turns).

GigaChad the Cleaver (Minotaur Gladiator)           Turns: 6612, Time: 00:07:37

HP:   -1/72 (73)    AC:  6    Str: 20    XL:     8   Next: 60%
MP:   9/9           EV: 14    Int:  5    God:    Okawaru [......]
Gold: 315           SH:  0    Dex: 13    Spells: 9/9 levels left

rFire   . . .      SeeInvis .   a - +2 war axe
rCold   . . .      Faith    .   (no shield)
rNeg    . . .      Spirit   .   b - +0 leather armour
rPois   .          Reflect  .   c - +0 hat
rElec   .          Harm     .   p - +1 cloak
rCorr   .          Rampage  .   (no gloves)
Will    .....                   (no boots)
Stlth   ++........              (no amulet)
HPRegen 0.22/turn               (no ring)
MPRegen 0.11/turn               (no ring)

@: lightly drained
A: horns 2, retaliatory headbutt
a: Renounce Religion


You were on level 7 of the Dungeon.
You worshipped Okawaru.
Okawaru was noncommittal.
You visited 2 branches of the dungeon, and saw 8 of its levels.
You also visited: Sewer.

You collected 315 gold pieces.

Inventory:

Hand Weapons
 a - a +2 war axe (weapon)
Missiles
 d - 3 throwing nets (quivered)
 e - a javelin
Armour
 b - a +0 leather armour (worn)
 c - a +0 hat (worn)
 p - a +1 cloak (worn)
Jewellery
 t - a ring of flight
Wands
 s - a wand of mindburst (9)
Scrolls
 g - 2 scrolls of teleportation
 i - 4 scrolls of identify
 j - a scroll of poison {unknown}
 n - 3 scrolls of amnesia
 o - a scroll of vulnerability
 q - a scroll of magic mapping
 u - 2 scrolls of butterflies
Potions
 f - 3 potions of haste {unknown}
 h - a potion of resistance {unknown}
 k - a potion of heal wounds {unknown}
 l - 5 potions of curing
 m - a potion of lignification {unknown}
 r - 2 potions of might
 v - a potion of mutation {unknown}
 w - 2 potions of invisibility {unknown}
 x - 2 potions of flight {unknown}


   Skills:
 * Level 7.3 Fighting
 + Level 9.0 Axes
 + Level 2.1 Throwing
 * Level 6.6 Armour
 * Level 7.1 Dodging
 + Level 4.6 Stealth
 * Level 1.4 Spellcasting


You had 9 spell levels left.
You didn't know any spells.
Your spell library contained the following spells:

 Spells                   Type           Power      Damage    Failure   Level
 Magic Dart               Conj           0%         1d3       47%         1
 Searing Ray              Conj           0%         2d4       63%         2
 Static Discharge         Conj/Air       0%         3-3/arc   63%         2
 Sublimation of Blood     Necr           0%         N/A       63%         2
 Dispel Undead            Necr           0%         3d6       99%         4
 Fulminant Prism          Conj/Hex       0%         3d6       99%         4
 Iskenderun's Mystic Bla  Conj/Tloc      0%         2d3       99%         4
 Passage of Golubria      Tloc           0%         N/A       99%         4
 Petrify                  Tmut/Erth      0%         N/A       99%         4
 Sticky Flame             Conj/Fire      0%         2d3       99%         4
 Blade Hands              Tmut           0%         N/A       100%        5
 Irradiate                Conj/Tmut      0%         3d11      100%        5
 Lee's Rapid Deconstruct  Erth           0%         3d5*      100%        5
 Yara's Violent Unravell  Hex/Tmut       0%         3d3       100%        5
 Dragon Form              Tmut           0%         N/A       100%        7
 Tukima's Dance           Hex            Unusable   N/A       N/A         3

Dungeon Overview and Level Annotations

Branches:
Dungeon (7/15)             Temple (1/1) D:7           Sewer (visited)

Altars:
Ashenzari
Cheibriados
Dithmenos
Elyvilon
Fedhas
Kikubaaqudgha
Makhleb
Nemelex Xobeh
Okawaru
Qazlal
Ru
Sif Muna
Trog
Uskayaw
Vehumet
Wu Jian
Xom
Yredelemnul
Zin

Shops:
D:1 (   D:5 =(:((

Annotations:
D:7 Joseph


Innate Abilities, Weirdness & Mutations

You have a pair of horns on your head.
You reflexively headbutt those who attack you in melee.


Message History

The gnoll barely misses you.
You closely miss the gnoll.
The gnoll is severely wounded.
You barely miss the gnoll bouda.
Your surroundings suddenly seem different.
Found a scroll of magic mapping.
An electric eel comes into view.
Found a trident.
Your attacks no longer feel as feeble.
The electric eel shoots out a bolt of lightning at you!
The bolt of electricity hits you!
* * * LOW HITPOINT WARNING * * *
You start resting.
Joseph, a Mercenary comes into view.
He is wielding a +0 quarterstaff.
Joseph is nearby!
Joseph is nearby!
Joseph is nearby!
You start resting.
A gnoll sergeant comes into view. It is wielding a +3 vorpal trident.
A gnoll sergeant is nearby!
A gnoll sergeant is nearby!
A gnoll sergeant is nearby!
A gnoll comes into view. It is wielding a +0 spear.
The gnoll shouts!
You hear a shout!
The gnoll sergeant shouts!
You hear a shout!
A gnoll comes into view. It is wielding a +0 spear. x2
There are monsters nearby!
There are monsters nearby!
There are monsters nearby!
There are monsters nearby!
The gnoll hits you from afar with a +0 spear.
* * * LOW HITPOINT WARNING * * *
The gnoll hits you but does no damage.
The gnoll sergeant completely misses you.
The gnoll hits you but does no damage.
You hit the gnoll. You headbutt the gnoll.
The gnoll is almost dead.
The gnoll misses you.
The gnoll sergeant hits you from afar with a +3 vorpal trident!
You die...

#..
.#####........##
#.# ##...#.#..#
... ###......#
... ##..#### ...
##..# ≈≈. ##.#
≈≈≈ #.# ≈≈≈ #.#
≈≈≈ #@# ≈≈≈
#g..# ≈≈g gg#.#


gg. ..g### .?. ....# .=. .....# ### ......# .......# You could see a gnoll
sergeant and 3 gnolls.

Vanquished Creatures
  2 water moccasins
  Pargi (Sewer)
  2 black bears (D:5)
  A sky beast (D:7)
  2 kobold brigands
  A phantom (D:6)
  A bullfrog (D:6)
  2 scorpions
  2 hounds
  A jelly (D:6)
  4 iguanas
  5 orc wizards
  2 gnolls (D:7)
  7 adders
  A shadow imp (D:6)
  A white imp (D:6)
  2 ufetubi
  2 dart slugs
  24 orcs
  13 ball pythons
  6 endoplasms
  2 giant cockroaches
  11 goblins
  4 hobgoblins
  7 jackals
  11 kobolds
  3 quokkas
  2 bats
  4 frilled lizards
  20 rats
146 creatures vanquished.

Notes
Turn   | Place    | Note
-------+----------+-------------------------------------------
     0 | D:1      | GigaChad the Minotaur Gladiator began the quest for the
                  | Orb.
     0 | D:1      | Reached XP level 1. HP: 18/18 MP: 0/0
    53 | D:1      | Found a faded altar of an unknown god.
   325 | D:1      | Reached skill level 4 in Axes
   325 | D:1      | Reached XP level 2. HP: 24/25 MP: 1/1
   799 | D:1      | Found Seoluol's Weapon Shoppe.
  1021 | D:2      | Reached XP level 3. HP: 30/30 MP: 2/2
  1616 | D:2      | Reached skill level 1 in Armour
  2313 | D:2      | Reached skill level 7 in Axes
  2313 | D:2      | Reached skill level 5 in Armour
  2313 | D:2      | Reached XP level 4. HP: 44/44 MP: 3/3
  2430 | D:3      | Reached XP level 5. HP: 41/50 MP: 4/4
  2436 | D:3      | Found a glowing drain.
  2447 | Sewer    | Entered a sewer
  2549 | Sewer    | Noticed Pargi
  2554 | Sewer    | Killed Pargi
  3143 | D:3      | Reached XP level 6. HP: 57/57 MP: 5/5
  4070 | D:4      | Reached XP level 7. HP: 59/64 MP: 6/6
  4558 | D:5      | Entered Level 5 of the Dungeon
  4643 | D:5      | Found Vonao's Jewellery Shoppe.
  4775 | D:5      | Found Yprien's Weapon Shop.
  4860 | D:5      | Found Kaimaixt's Weapon Boutique.
  4921 | D:5      | Found Birphuta's Book Shop.
  4928 | D:5      | Reached skill level 8 in Axes
  5060 | D:5      | Found Teijoen's Weapon Shop.
  5272 | D:6      | Reached skill level 1 in Spellcasting
  5703 | D:6      | Reached XP level 8. HP: 71/71 MP: 8/8
  6266 | D:7      | Found a staircase to the Ecumenical Temple.
  6274 | Temple   | Entered the Ecumenical Temple
  6469 | Temple   | Became a worshipper of Warmaster Okawaru
  6544 | D:7      | Reached skill level 9 in Axes
  6604 | D:7      | Noticed Joseph
  6612 | D:7      | Slain by a gnoll sergeant

Illustrated notes

Levels and vault maps discovered:
D:1:      minmay_arrival_shattered_statue, layout_loops_ring,
          hellmonk_ecumenical_altar_blasted, serial_shops,
          nicolae_shop_bloodbath_and_beyond
D:2:      layout_loops_corners, serial_glass, glass_columns_a, glass_columns_b,
          serial_park_tiny_2, minmay_tiny_reverse_x
D:3:      layout_basic, portal_sewer_entry_d, minmay_rat_hole
D:4:      layout_gridville
D:5:      layout_loops_ring, serial_shops, nicolae_shop_advertising_works
          [nicolae_subvault_shop_adworks], kennysheep_little_box, shop,
          shop_statue, nicolae_shop_trees
D:6:      layout_basic
D:7:      layout_rooms, temple_pool_b, serial_bayou, serial_bayou_pond_e,
          serial_bayou_pond_c, serial_bayou_crossing, serial_bayou_lagoon_a,
          serial_shops, nicolae_stop_n_shop_2, uniq_joseph
Temple:   nicolae_temple_bog_church

Skill      XL: |  1  2  3  4  5  6  7  8 |
---------------+-------------------------+-----
Axes           | 4 7 8 9 |  9.0
Armour         | 5 6 |  6.6
Fighting       | 6 7 |  7.3
Dodging        | 6 7 |  7.1
Stealth        | 4 |  4.6
Spellcasting   | 1 |  1.4
Throwing       | |  2.1

Action                   |  1- 3 |  4- 6 |  7- 9 || total
-------------------------+-------+-------+-------++-------
Melee: War axe           |    57 |   135 |    83 ||   275
       Headbutt          |     9 |    14 |    14 ||    37
       Punch             |       |     3 |       ||     3
  Use: Potion            |     4 |       |       ||     4
       Scroll            |     2 |     6 |     5 ||    13
 Stab: Sleeping          |       |     6 |     4 ||    10
       Distracted        |       |       |     1 ||     1
Armor: Leather armour    |    10 |    32 |    36 ||    78
Dodge: Dodged            |    37 |    77 |   102 ||   216
